[Event "ICC tourney 2517 (60 10)"]
[Site "Internet Chess Club"]
[Date "2021.04.18"]
[Round "5"]
[White "NICHOLSON, IAN:outpost"]
[Black "LODH, ANJALI:ChessHawk8"]
[Result "1-0"]
[ICCResult "Black resigns"]
[WhiteElo "1819"]
[BlackElo "1584"]
[Opening "QGD: exchange, positional line"]
[ECO "D35"]
[NIC "QO.16"]
[Time "13:26:15"]
[PlyCount "89"]
[TimeControl "3600+10"]

1. d4 d5 2. c4 e6 3. Nc3 Nf6 4. cxd5 exd5 5. Bg5 Be7 6. e3 O-O 7. Bd3 h6 8.
Bh4 Nc6 9. Nge2 Re8 10. O-O Ng4 11. Bg3 Bh4 12. h3 Bxg3 13. Nxg3 Nxe3 14.
fxe3 Rxe3 15. Nf5 Bxf5 16. Bxf5 Qg5 17. Qd2 Rae8 18. Nxd5 Rg3 19. Qxg5 Rxg5
20. Nxc7 Re2 21. Bg4 Rxb2 22. d5 Ne5 23. d6 h5 24. Rf5 Rg6 25. Rxe5 hxg4
26. d7 Rd2 27. Re8+ Kh7 28. d8=Q Rxd8 29. Rxd8 gxh3 30. Rd2 f5 31. Nd5 hxg2
32. Rxg2 Rd6 33. Nf4 Rd4 34. Ne6 Rd7 35. Rxg7+ Rxg7+ 36. Nxg7 Kxg7 37. Rb1
b6 38. Rc1 Kg6 39. Rc7 f4 40. Rxa7 Kg5 41. Rb7 f3 42. Rxb6 Kg4 43. Rb2 Kg3
44. a4 Kh3 45. a5 { Black resigns } 1-0

[Event "ICC tourney 2517 (60 10)"]
[Site "Internet Chess Club"]
[Date "2021.04.18"]
[Round "5"]
[White "CHASIN, NICO WERNER:nicochasin"]
[Black "SLOAN, JED:RisingRook"]
[Result "1-0"]
[ICCResult "Black resigns"]
[WhiteElo "2417"]
[BlackElo "1988"]
[Opening "Sicilian: Taimanov (Bastrikov) variation"]
[ECO "B47"]
[NIC "SI.40"]
[Time "13:26:04"]
[PlyCount "91"]
[TimeControl "3600+10"]

1. e4 c5 2. Nf3 e6 3. d4 cxd4 4. Nxd4 Nc6 5. Nc3 Qc7 6. g3 a6 7. Bg2 d6 8.
O-O Bd7 9. Re1 Be7 10. Nxc6 Bxc6 11. Qd4 Nf6 12. Nd5 Bxd5 13. exd5 e5 14.
Qa4+ b5 15. Qb3 O-O 16. a4 Qc4 17. Qxc4 bxc4 18. f4 Nd7 19. a5 Bf6 20. Ra4
exf4 21. gxf4 Rfe8 22. Rxe8+ Rxe8 23. Kf2 c3 24. b3 Bh4+ 25. Kf3 Re1 26.
Be3 Bf6 27. Bh3 Nc5 28. Rb4 g6 29. Rb8+ Kg7 30. b4 Rb1 31. Rb6 Na4 32. Rxa6
Rb2 33. Rxd6 Rxc2 34. a6 Ra2 35. a7 Nb2 36. b5 Nc4 37. Ra6 Rxh2 38. a8=Q
Rxh3+ 39. Kg2 Rxe3 40. Rxf6 Re2+ 41. Kg3 Re3+ 42. Kf2 c2 43. Qa1 Ra3 44.
Qc1 Kxf6 45. Qxc2 Ne3 46. Qb2+ { Black resigns } 1-0

[Event "ICC tourney 2517 (60 10)"]
[Site "Internet Chess Club"]
[Date "2021.04.18"]
[Round "5"]
[White "GOLDEN, RIPLEY:rgolden277"]
[Black "POWERS, COLDEN REED:TheChessKid90"]
[Result "1-0"]
[ICCResult "Black resigns"]
[WhiteElo "1554"]
[BlackElo "1820"]
[Opening "Queen's pawn game"]
[ECO "D02"]
[NIC "QP.08"]
[Time "13:26:06"]
[PlyCount "101"]
[TimeControl "3600+10"]

1. d4 d5 2. Nf3 Bf5 3. Bf4 Nf6 4. e3 e6 5. Nbd2 Bd6 6. Ne5 O-O 7. Be2 c5 8.
c3 Qc7 9. O-O Nc6 10. Nd3 b6 11. b3 Rac8 12. Bg3 Ne4 13. Nxe4 Bxe4 14. dxc5
bxc5 15. Nxc5 Bxg3 16. hxg3 Bg6 17. Rc1 Ne5 18. b4 a5 19. a3 Rfd8 20. Nb3
Nc4 21. Ra1 Nb2 22. Qc1 Na4 23. Nxa5 Nxc3 24. Bf3 Bd3 25. Re1 e5 26. Nb3
Qc4 27. Nd2 Qb5 28. Qb2 e4 29. Bg4 Na4 30. Qd4 Rc2 31. Rad1 f5 32. Bh5 Qa6
33. Nb3 g6 34. Bxg6 hxg6 35. Qe5 Nc3 36. Ra1 Na2 37. Nd4 Rd2 38. Nb3 Rc2
39. Nd4 Rd2 40. Ne6 Rd7 41. Nc5 Qc8 42. Qe6+ Kh7 43. Qxd7+ Qxd7 44. Nxd7
Nc3 45. a4 Ra2 46. Rxa2 Nxa2 47. b5 Bc2 48. Nc5 Nc3 49. b6 Nxa4 50. Nxa4
Bxa4 51. b7 { Black resigns } 1-0

[Event "ICC tourney 2517 (60 10)"]
[Site "Internet Chess Club"]
[Date "2021.04.18"]
[Round "5"]
[White "GILLSTON, NOAH:Noahchess328"]
[Black "GILLMAN, JONES:JonesGill"]
[Result "1-0"]
[ICCResult "Black resigns"]
[WhiteElo "1604"]
[BlackElo "1387"]
[Opening "Scandinavian defense"]
[ECO "B01"]
[NIC "SD.03"]
[Time "13:26:29"]
[PlyCount "165"]
[TimeControl "3600+10"]

1. e4 d5 2. exd5 Nf6 3. Nc3 Nxd5 4. Nxd5 Qxd5 5. Nf3 Bg4 6. Be2 e5 7. d3
Nc6 8. O-O Be7 9. Re1 O-O 10. Nxe5 Bxe2 11. Qxe2 Nd4 12. Qd1 Bd6 13. Ng4
Rfe8 14. Rxe8+ Rxe8 15. Be3 Nf5 16. Bd2 Nh4 17. Qf1 Qh5 18. Qd1 Qd5 19. Qf1
Qh5 20. h3 f5 21. Nh2 Re6 22. Qd1 Qg6 23. Qf1 Qh5 24. Be1 Rg6 25. g3 f4 26.
g4 f3 27. Bc3 Qh6 28. Qc1 Bf4 29. Qe1 Re6 30. Qd1 Bxh2+ 31. Kxh2 Qf4+ 32.
Kh1 Re2 33. Qg1 Ng2 34. Qh2 Qxh2+ 35. Kxh2 Rxf2 36. Kg3 Rxc2 37. Kxf3 Kf7
38. Rg1 Nh4+ 39. Kg3 Ng6 40. Rf1+ Kg8 41. h4 Re2 42. h5 Nf8 43. Re1 Rxe1
44. Bxe1 Ne6 45. Kf3 g6 46. hxg6 hxg6 47. Ke4 Kf7 48. d4 c6 49. d5 cxd5+
50. Kxd5 Ke7 51. Bf2 a6 52. Bc5+ Kd7 53. Bb4 b5 54. Ke5 g5 55. Kf6 Nc7 56.
Kxg5 Nd5 57. Bd2 Ke6 58. Kg6 Nf6 59. g5 Ne4 60. Be3 Ng3 61. Kh7 Nf5 62. Bd2
Kf7 63. g6+ Kf8 64. g7+ Nxg7 65. Bh6 Ke7 66. Kxg7 Kd6 67. Kf6 Kc5 68. Ke6
Kc4 69. Kd6 a5 70. Kc6 a4 71. Bg7 b4 72. Bf6 a3 73. b3+ Kd3 74. Kb5 Ke4 75.
Kxb4 Kd5 76. Kxa3 Kc6 77. Kb4 Kb6 78. a4 Ka6 79. Kc5 Ka5 80. b4+ Kxa4 81.
b5 Ka5 82. Bd8+ Ka4 83. b6 { Black resigns } 1-0

[Event "ICC tourney 2517 (60 10)"]
[Site "Internet Chess Club"]
[Date "2021.04.18"]
[Round "5"]
[White "MALLADI, EESHAAN VARSHITH SAI:Eeshaan16"]
[Black "SRINIVASAN, ARJUN:ajedrez7"]
[Result "1-0"]
[ICCResult "Black checkmated"]
[WhiteElo "1891"]
[BlackElo "1606"]
[Opening "Sicilian: Taimanov (Bastrikov) variation"]
[ECO "B47"]
[NIC "SI.40"]
[Time "13:26:06"]
[PlyCount "133"]
[TimeControl "3600+10"]

1. e4 c5 2. Nf3 e6 3. d4 cxd4 4. Nxd4 Nc6 5. Nc3 Qc7 6. g3 a6 7. Bg2 Nge7
8. O-O Nxd4 9. Qxd4 Nc6 10. Qd3 Be7 11. f4 h5 12. h3 b5 13. e5 Rb8 14. Be3
Nb4 15. Qe2 Bb7 16. a3 Bxg2 17. Qxg2 Nc6 18. Ne4 Rc8 19. b4 h4 20. g4 a5
21. c3 f6 22. exf6 Bxf6 23. Bc5 Be7 24. Rad1 Bxc5+ 25. Nxc5 Rd8 26. f5 O-O
27. fxe6 dxe6 28. Rxf8+ Rxf8 29. Nxe6 Qa7+ 30. Kh1 Rc8 31. Qd5 Ne7 32. Qe5
Ng6 33. Qd5 Ne7 34. Qe4 axb4 35. Ng5 Qa8 36. Qxa8 Rxa8 37. axb4 g6 38. Rd7
Kf8 39. Ne6+ Kf7 40. Ng5+ Kf6 41. Ne4+ Kf7 42. Rb7 Ra1+ 43. Kg2 Re1 44.
Nd6+ Ke6 45. Nxb5 Re2+ 46. Kg1 Re3 47. Kg2 Rg3+ 48. Kh2 Rd3 49. Nd4+ Kf7
50. Nc6 Rd2+ 51. Kg1 Rd1+ 52. Kf2 Rd2+ 53. Ke1 Rh2 54. Rxe7+ Kf8 55. Re3
Rh1+ 56. Kd2 Rh2+ 57. Kd3 Rg2 58. b5 Rb2 59. Kc4 Rg2 60. b6 Rg3 61. Rxg3
hxg3 62. b7 g2 63. b8=Q+ Kg7 64. Qg3 g1=Q 65. Qxg1 Kh6 66. g5+ Kh5 67. Qg4#
{ Black checkmated } 1-0

[Event "ICC tourney 2517 (60 10)"]
[Site "Internet Chess Club"]
[Date "2021.04.18"]
[Round "5"]
[White "WANG, ELLEN:SkyAngel"]
[Black "LIANG, JASON:Jupiter435"]
[Result "0-1"]
[ICCResult "White resigns"]
[WhiteElo "2168"]
[BlackElo "2384"]
[Opening "Caro-Kann: two knights, 3...Bg4"]
[ECO "B11"]
[NIC "CK.01"]
[Time "13:26:18"]
[PlyCount "104"]
[TimeControl "3600+10"]

1. e4 c6 2. Nc3 d5 3. Nf3 Bg4 4. h3 Bxf3 5. Qxf3 e6 6. Be2 Bc5 7. O-O Nd7
8. Rd1 d4 9. Nb1 Ne5 10. Qg3 d3 11. Qxe5 Bd4 12. Qg3 dxc2 13. Re1 cxb1=Q
14. Rxb1 Ne7 15. a3 O-O 16. d3 Ng6 17. Be3 e5 18. b4 Qd6 19. Rec1 Nf4 20.
Bxf4 exf4 21. Qf3 Rfe8 22. Bd1 Re6 23. Bb3 Rg6 24. Kh1 Rd8 25. Rd1 Rg5 26.
Bc4 a6 27. Re1 Qf6 28. Re2 Re5 29. Rc2 Re7 30. Re2 Qe5 31. Rc2 Red7 32. Kg1
g6 33. Kh1 Kg7 34. Kg1 Ba7 35. Rd1 Rd4 36. Rcd2 R8d7 37. Kh1 Bb8 38. Kg1
Qf6 39. Kh1 Be5 40. Kg1 Qd8 41. Bb3 R4d6 42. Bc2 h5 43. Kh1 Rd4 44. Kg1 Qh4
45. Rb1 R4d6 46. Rb3 Rd8 47. Bd1 Bd4 48. Rc2 Qf6 49. Be2 Rh8 50. a4 Qe5 51.
Kh1 g5 52. g3 Rf6 { White resigns } 0-1

[Event "ICC tourney 2517 (60 10)"]
[Site "Internet Chess Club"]
[Date "2021.04.18"]
[Round "5"]
[White "KATSMAN, DAVID:davika21"]
[Black "CHANDI, ISHNOOR SINGH:Ishnoor"]
[Result "0-1"]
[ICCResult "White resigns"]
[WhiteElo "1884"]
[BlackElo "1545"]
[Opening "French: King's Indian attack"]
[ECO "C00"]
[NIC "FR.02"]
[Time "13:26:19"]
[PlyCount "132"]
[TimeControl "3600+10"]

1. e4 e6 2. d3 c5 3. Nf3 Ne7 4. Nbd2 g6 5. e5 Bg7 6. Ne4 O-O 7. c3 Qc7 8.
Bf4 b6 9. Nd6 Nf5 10. Nxc8 Rxc8 11. g3 Nc6 12. Bg2 d5 13. exd6 Nxd6 14. O-O
e5 15. Be3 Nf5 16. Qe2 Rd8 17. Rad1 Rd7 18. Ne1 c4 19. dxc4 Rxd1 20. Qxd1
Nxe3 21. fxe3 Rf8 22. Bd5 Ne7 23. e4 Qc5+ 24. Kg2 Nxd5 25. cxd5 Qc4 26. Qd3
Qxa2 27. Qe2 f5 28. Nd3 Qc4 29. Re1 Rd8 30. Nb4 Qb3 31. Qd2 Qc4 32. exf5 a5
33. b3 Qb5 34. Nc2 Qxd5+ 35. Qxd5+ Rxd5 36. Ne3 Rd2+ 37. Kh3 gxf5 38. Nxf5
Bf6 39. Nh6+ Kf8 40. Ng4 Kf7 41. Rf1 Rd6 42. Nxe5+ Ke7 43. Nc4 Rc6 44. Rf3
a4 45. Na3 axb3 46. Nb1 Rd6 47. c4 b2 48. Rb3 Rd1 49. Na3 Ra1 50. Rxb6 Rxa3
51. c5 Ra1 52. c6 b1=Q 53. Rxb1 Rxb1 54. c7 Rc1 55. c8=Q Rxc8 56. Kg4 Rg8+
57. Kf4 Ke6 58. h4 Be5+ 59. Ke4 Bxg3 60. h5 Rg5 61. Kf3 Rxh5 62. Kxg3 Kf5
63. Kf3 Rg5 64. Kf2 h6 65. Kf3 h5 66. Kf2 h4 { White resigns } 0-1

[Event "ICC tourney 2517 (60 10)"]
[Site "Internet Chess Club"]
[Date "2021.04.18"]
[Round "5"]
[White "Mairaj, Morgan Kenzo:Morganito"]
[Black "Nieuwerburgh, Paul Alexander:pvnieuwe"]
[Result "1-0"]
[ICCResult "Black resigns"]
[WhiteElo "1822"]
[BlackElo "1501"]
[Opening "QGD: exchange variation"]
[ECO "D35"]
[NIC "QO.16"]
[Time "13:26:05"]
[PlyCount "93"]
[TimeControl "3600+10"]

1. d4 d5 2. c4 e6 3. Nc3 Nf6 4. cxd5 exd5 5. Nf3 Bf5 6. Qb3 b6 7. Bg5 Be6
8. Bxf6 Qxf6 9. e3 a6 10. Be2 Bd6 11. O-O O-O 12. Rad1 Nc6 13. Bd3 Nb4 14.
a3 Nxd3 15. Rxd3 Qg6 16. Rd2 Bh3 17. Ne1 Be6 18. f4 Rfe8 19. Rf3 Rab8 20.
Rdf2 f5 21. Nd3 c5 22. Ne5 Bxe5 23. fxe5 Qf7 24. Ne2 Rec8 25. Nf4 g6 26.
Nxe6 Qxe6 27. Rc2 c4 28. Qc3 b5 29. Rf1 Qb6 30. b4 Ra8 31. Qd2 a5 32. g4
fxg4 33. Rf6 Rc6 34. bxa5 Qa6 35. Qg2 Rd8 36. Rcf2 Rxf6 37. exf6 Kf7 38.
Qxg4 Qxa5 39. Qg5 Rd6 40. Qh6 Rd7 41. Qxh7+ Ke6 42. Qg8+ Kd6 43. f7 Rxf7
44. Qxg6+ Kc7 45. Rxf7+ Kc8 46. Qg4+ Kb8 47. Qg8+ { Black resigns } 1-0

[Event "ICC tourney 2517 (60 10)"]
[Site "Internet Chess Club"]
[Date "2021.04.18"]
[Round "5"]
[White "LESCHINSKY, GARY:GLeschinsky"]
[Black "ZHANG, ROGER:RogerZ"]
[Result "1-0"]
[ICCResult "Black resigns"]
[WhiteElo "2090"]
[BlackElo "1950"]
[Opening "King's Indian: Sämisch, 5...O-O"]
[ECO "E81"]
[NIC "KI.52"]
[Time "13:26:20"]
[PlyCount "167"]
[TimeControl "3600+10"]

1. d4 Nf6 2. c4 g6 3. Nc3 Bg7 4. e4 d6 5. f3 O-O 6. Nge2 c5 7. d5 e6 8. Ng3
exd5 9. cxd5 h5 10. Be2 h4 11. Nf1 Nbd7 12. Be3 Ne5 13. Nd2 h3 14. g3 Rb8
15. Bg5 Qe8 16. Nb5 Qd7 17. Nxa7 b5 18. Nxc8 Qxc8 19. O-O Ned7 20. a4 bxa4
21. Nc4 Qc7 22. Qxa4 Nb6 23. Qa5 Rb7 24. Rab1 Ra8 25. Qd2 Nxc4 26. Bxc4 Nd7
27. Bh6 Bd4+ 28. Be3 Ne5 29. Be2 Bxe3+ 30. Qxe3 Qb8 31. f4 Nd7 32. Bg4 Rxb2
33. Rxb2 Qxb2 34. Bxh3 Ra3 35. Qf2 Qxf2+ 36. Kxf2 Nf6 37. Re1 Ra2+ 38. Kg1
c4 39. Bg2 c3 40. e5 Ne8 41. Rc1 Ra3 42. Be4 Kf8 43. Kf2 Ke7 44. Ke3 Nc7
45. Kd3 Nb5 46. Kc4 Ra4+ 47. Kxb5 Rxe4 48. Rxc3 dxe5 49. fxe5 Rxe5 50. Kc6
Re2 51. h4 Ra2 52. d6+ Kd8 53. Rc5 Ra3 54. g4 Rg3 55. Ra5 Rc3+ 56. Kd5 Rg3
57. Ra8+ Kd7 58. Ra7+ Ke8 59. Re7+ Kd8 60. Rxf7 Rxg4 61. Rh7 Rg1 62. Ke6
Re1+ 63. Kf6 Rd1 64. d7 Rd6+ 65. Kg5 Ra6 66. Rg7 Ra4 67. Rh7 Ra6 68. Rg7
Ra4 69. Rxg6 Kxd7 70. Rf6 Ke7 71. Rf3 Ra1 72. h5 Rg1+ 73. Kh6 Rg2 74. Rf5
Rg1 75. Kh7 Rg2 76. h6 Rg1 77. Rf2 Ke8 78. Rf6 Rh1 79. Kg7 Ke7 80. Rg6 Rf1
81. h7 Rf7+ 82. Kh6 Rf8 83. Rg7+ Kf6 84. Rg8 { Black resigns } 1-0

[Event "ICC tourney 2517 (60 10)"]
[Site "Internet Chess Club"]
[Date "2021.04.18"]
[Round "5"]
[White "CHONG, JOSHUA ETHAN:Joshua1"]
[Black "MURGESCU, ADI:Ososul"]
[Result "0-1"]
[ICCResult "White resigns"]
[WhiteElo "1847"]
[BlackElo "2111"]
[Opening "Nimzo-Indian: Kmoch variation"]
[ECO "E20"]
[NIC "NI.30"]
[Time "13:26:07"]
[PlyCount "108"]
[TimeControl "3600+10"]

1. d4 Nf6 2. c4 e6 3. Nc3 Bb4 4. f3 c5 5. d5 b5 6. e4 O-O 7. Be3 d6 8. Qd2
Re8 9. O-O-O exd5 10. cxd5 c4 11. Nge2 Nbd7 12. Nd4 Ne5 13. Bf4 Bd7 14. g4
Qa5 15. Bxe5 dxe5 16. Nf5 Bxf5 17. gxf5 Kh8 18. Rg1 Rab8 19. d6 h6 20. d7
Red8 21. Qg2 Bf8 22. Rd6 Rb6 23. Rxb6 Qxb6 24. Be2 Rxd7 25. a3 a5 26. Rd1
Rxd1+ 27. Bxd1 b4 28. axb4 axb4 29. Nd5 Nxd5 30. exd5 Qa5 31. Qc2 c3 32. b3
Be7 33. Kb1 Qxd5 34. Be2 Qd4 35. Ka2 Qa7+ 36. Kb1 Qg1+ 37. Bd1 Qd4 38. Be2
Bf6 39. Ka2 Qe3 40. Kb1 Qf2 41. Bd1 Qd4 42. Be2 Bg5 43. Ka2 Bf4 44. Bd1 h5
45. Kb1 h4 46. h3 Qe3 47. Be2 Qg1+ 48. Bd1 Qf1 49. Ka2 Qxh3 50. Qd3 Qg2+
51. Bc2 Qd2 52. Qe4 f6 53. Qd3 Qc1 54. Qd8+ Kh7 { White resigns } 0-1

[Event "ICC tourney 2517 (60 10)"]
[Site "Internet Chess Club"]
[Date "2021.04.18"]
[Round "5"]
[White "Nasta, Kiren:knasta"]
[Black "WANG, FELICITY:fireheart"]
[Result "1-0"]
[ICCResult "Black checkmated"]
[WhiteElo "1897"]
[BlackElo "1649"]
[Opening "Ruy Lopez: modern Steinitz defense"]
[ECO "C74"]
[NIC "RL.11"]
[Time "13:26:38"]
[PlyCount "75"]
[TimeControl "3600+10"]

1. e4 e5 2. Nf3 Nc6 3. Bb5 a6 4. Ba4 d6 5. c3 g6 6. O-O Bg7 7. d4 Bd7 8.
dxe5 dxe5 9. Be3 Nge7 10. Nbd2 O-O 11. Bc5 b6 12. Ba3 h6 13. Re1 Re8 14.
Nf1 g5 15. Qd2 b5 16. Bc2 Qc8 17. Ne3 Bf6 18. Nd5 Nxd5 19. exd5 Ne7 20.
Nxe5 Bf5 21. Rad1 Nxd5 22. Qxd5 Bxe5 23. Rxe5 Rxe5 24. Qxe5 Bxc2 25. Re1
Bg6 26. Bc5 Qd7 27. Bd4 f6 28. Qxf6 Qh7 29. Re7 Bf7 30. h3 Rf8 31. Qe5 c6
32. b4 Rd8 33. f4 gxf4 34. Qxf4 Kf8 35. Qf6 Rd5 36. Rb7 Qb1+ 37. Kh2 Rf5
38. Rb8# { Black checkmated } 1-0

[Event "ICC tourney 2517 (60 10)"]
[Site "Internet Chess Club"]
[Date "2021.04.18"]
[Round "6"]
[White "Lee, Noah:noahl08"]
[Black "ESPINAL, GABRIEL:vsausemicheal"]
[Result "0-1"]
[ICCResult "White checkmated"]
[WhiteElo "1454"]
[BlackElo "1590"]
[Opening "Two knights defense"]
[ECO "C55"]
[NIC "IG.01"]
[Time "16:32:39"]
[PlyCount "140"]
[TimeControl "3600+10"]

1. e4 e5 2. Nf3 Nf6 3. Bc4 Nc6 4. O-O Nxe4 5. Re1 d5 6. Bb3 Be7 7. d4 exd4
8. Nxd4 Nxd4 9. Qxd4 Bc5 10. Rxe4+ dxe4 11. Qxe4+ Qe7 12. Qxe7+ Bxe7 13.
Nc3 Bf6 14. Bd2 O-O 15. Kf1 b6 16. Bd5 Rb8 17. Bf4 Ba6+ 18. Kg1 Bxc3 19.
bxc3 Rbd8 20. c4 c5 21. a4 Rfe8 22. h3 Re2 23. Rd1 Kf8 24. Rc1 Bc8 25. Be3
Bd7 26. Kf1 Rxe3 27. fxe3 Bxa4 28. e4 b5 29. cxb5 Bxb5+ 30. c4 Bd7 31. Ra1
Be6 32. Rxa7 Rd7 33. Rxd7 Bxd7 34. Ke2 Be6 35. Ke3 Ke8 36. Kf4 Kd7 37. Ke5
Ke7 38. g4 g5 39. Bxe6 fxe6 40. h4 gxh4 41. Kf4 Kf6 42. g5+ Kg6 43. Kg4 h3
44. Kxh3 Kxg5 45. Kg3 e5 46. Kf3 h5 47. Kg3 h4+ 48. Kf3 h3 49. Kg3 h2 50.
Kxh2 Kf4 51. Kg2 Kxe4 52. Kf2 Kd4 53. Ke2 Kxc4 54. Ke3 Kb3 55. Kd3 c4+ 56.
Kd2 Kb2 57. Kd1 c3 58. Ke2 c2 59. Kd2 c1=Q+ 60. Kd3 Qc5 61. Ke4 Qd4+ 62.
Kf5 e4 63. Kf4 e3+ 64. Kf3 Kc2 65. Ke2 Qd2+ 66. Kf3 e2 67. Kf2 e1=Q+ 68.
Kf3 Qdf2+ 69. Kg4 Qeg1+ 70. Kh3 Qfh2# { White checkmated } 0-1

[Event "ICC tourney 2517 (60 10)"]
[Site "Internet Chess Club"]
[Date "2021.04.18"]
[Round "6"]
[White "DASARI, ARJUN:CHESSB111"]
[Black "RAJANISH, ABHINAV:Knightboy123"]
[Result "0-1"]
[ICCResult "White resigns"]
[WhiteElo "1292"]
[BlackElo "1596"]
[Opening "Sicilian: Najdorf"]
[ECO "B90"]
[NIC "SI.14"]
[Time "16:32:30"]
[PlyCount "46"]
[TimeControl "3600+10"]

1. e4 c5 2. Nf3 d6 3. d4 cxd4 4. Nxd4 Nf6 5. Nc3 a6 6. f3 e5 7. Nb3 Be6 8.
Be3 Be7 9. Qd2 O-O 10. O-O-O Nbd7 11. g4 b5 12. h4 b4 13. Ne2 a5 14. h5 a4
15. Na1 b3 16. a3 bxc2 17. Nxc2 Bb3 18. g5 Ne8 19. g6 fxg6 20. hxg6 h6 21.
Bxh6 gxh6 22. Qxh6 Bg5+ 23. Qxg5 Qxg5+ { White resigns } 0-1

[Event "ICC tourney 2517 (60 10)"]
[Site "Internet Chess Club"]
[Date "2021.04.18"]
[Round "6"]
[White "CAO, KAYLEE:K624"]
[Black "TORRES, ETHAN:chess4bigbrain"]
[Result "1-0"]
[ICCResult "Black checkmated"]
[WhiteElo "1299"]
[BlackElo "1077"]
[Opening "Philidor's defense"]
[ECO "C41"]
[NIC "KP.10"]
[Time "16:32:34"]
[PlyCount "125"]
[TimeControl "3600+10"]

1. e4 e5 2. Nf3 d6 3. Nc3 Nf6 4. Bc4 Be7 5. O-O Nc6 6. d3 O-O 7. Be3 Ng4 8.
Bd2 Nd4 9. h3 Nxf3+ 10. Qxf3 Nh6 11. Bxh6 gxh6 12. Nd5 Bg5 13. Ne3 Be6 14.
Bxe6 fxe6 15. Qg3 Kf7 16. Qf3+ Ke7 17. Qe2 Bxe3 18. Qxe3 Rg8 19. Qxh6 Kd7
20. Qxh7+ Kc8 21. Qh6 b6 22. Qxe6+ Kb7 23. Qd5+ Kb8 24. a4 a5 25. c3 Qg5
26. g3 Qh4 27. Kh2 Qh5 28. Qxg8+ Kb7 29. Qd5+ c6 30. Qxd6 Rh8 31. h4 Qg5
32. Qd7+ Ka6 33. Qh3 Qd2 34. Rab1 Qxd3 35. Rfe1 Rf8 36. Kg1 Qc4 37. Qf1
Qxf1+ 38. Rxf1 b5 39. axb5+ Kxb5 40. Kg2 c5 41. f4 exf4 42. Rxf4 Re8 43.
Kf3 Ka4 44. Ke3 c4 45. Rf5 Ra8 46. e5 Kb3 47. Ke4 a4 48. h5 Kc2 49. Rff1
Rb8 50. h6 a3 51. bxa3 Rxb1 52. Rxb1 Kxb1 53. Kd4 Kb2 54. h7 Kb3 55. h8=Q
Kxa3 56. Qb8 Ka4 57. Qb6 Ka3 58. Qb5 Ka2 59. Qb4 Ka1 60. Kxc4 Ka2 61. Kd3
Ka1 62. Kc2 Ka2 63. Qb2# { Black checkmated } 1-0

[Event "ICC tourney 2517 (60 10)"]
[Site "Internet Chess Club"]
[Date "2021.04.18"]
[Round "6"]
[White "HUANG, JASON:Chesssmolbrain"]
[Black "WAKIDA, KEN:Yamato1945"]
[Result "0-1"]
[ICCResult "White resigns"]
[WhiteElo "1361"]
[BlackElo "1439"]
[Opening "Queen's pawn, Mason variation, Steinitz counter-gambit"]
[ECO "D00"]
[NIC "QP.08"]
[Time "16:32:17"]
[PlyCount "78"]
[TimeControl "3600+10"]

1. d4 d5 2. Bf4 c5 3. e3 Nc6 4. Nf3 cxd4 5. exd4 Bg4 6. c3 e6 7. Be2 Bd6 8.
Bg3 Nf6 9. Nbd2 O-O 10. Ne5 Qc7 11. Nxg4 Nxg4 12. Bxg4 Bxg3 13. fxg3 e5 14.
dxe5 Qxe5+ 15. Qe2 Qf6 16. O-O-O d4 17. Rhf1 Qd6 18. Ne4 Qc7 19. Qd3 dxc3
20. Nxc3 Nb4 21. Qf3 Nxa2+ 22. Kb1 Nb4 23. Rd7 Qc4 24. Bf5 g6 25. Bc2 Rac8
26. h4 Nxc2 27. Kxc2 Qa4+ 28. Kb1 Qxd7 29. h5 Kg7 30. Qf6+ Kh6 31. Qf4+ Kg7
32. h6+ Kg8 33. Qf6 Qd3+ 34. Kc1 Qe3+ 35. Kc2 Qxh6 36. Kb1 Rc6 37. Qe5 Qg7
38. Qe4 Rb6 39. Rf2 Qxc3 { White resigns } 0-1

[Event "ICC tourney 2517 (60 10)"]
[Site "Internet Chess Club"]
[Date "2021.04.18"]
[Round "6"]
[White "LODH, ANJALI:ChessHawk8"]
[Black "CHAN, JADEN J:acushemama"]
[Result "1-0"]
[ICCResult "Black checkmated"]
[WhiteElo "1584"]
[BlackElo "1522"]
[Opening "Sicilian: Smith-Morra gambit"]
[ECO "B21"]
[NIC "SI.48"]
[Time "16:32:22"]
[PlyCount "33"]
[TimeControl "3600+10"]

1. e4 c5 2. d4 cxd4 3. c3 dxc3 4. Nxc3 Nf6 5. Bc4 Nc6 6. Nf3 d6 7. e5 dxe5
8. Qxd8+ Nxd8 9. Nb5 Ne6 10. Bxe6 Bxe6 11. Nc7+ Kd7 12. Nxa8 g6 13. Nxe5+
Kc8 14. Bf4 Nh5 15. Rc1+ Kb8 16. Nd7+ Kxa8 17. Rc8# { Black checkmated }
1-0

[Event "ICC tourney 2517 (60 10)"]
[Site "Internet Chess Club"]
[Date "2021.04.18"]
[Round "6"]
[White "Messinger, Dashiell:dancingbananas"]
[Black "AGARAM, JYOTSNA:Jagaram"]
[Result "0-1"]
[ICCResult "White checkmated"]
[WhiteElo "1251"]
[BlackElo "1335"]
[Opening "KP: Nimzovich defense, Marshall gambit"]
[ECO "B00"]
[NIC "VO.06"]
[Time "16:32:29"]
[PlyCount "112"]
[TimeControl "3600+10"]

1. e4 Nc6 2. d4 d5 3. exd5 Qxd5 4. Nc3 Qxd4 5. Qxd4 Nxd4 6. Bd3 Nf6 7. Be3
Nc6 8. Nf3 Bg4 9. Bb5 Bxf3 10. Bxc6+ Bxc6 11. O-O-O Rd8 12. Rxd8+ Kxd8 13.
Rd1+ Kc8 14. f3 e6 15. Rd4 Bc5 16. Rd3 Bxe3+ 17. Rxe3 Rd8 18. Re5 Nd5 19.
Nxd5 Rxd5 20. Re4 Rh5 21. Rg4 g6 22. h3 Bb5 23. Rf4 Rf5 24. Rh4 h5 25. c4
Bc6 26. Kd2 e5 27. b4 Rf4 28. Rxf4 exf4 29. Kd3 b6 30. b5 Bb7 31. Kd4 Kd7
32. a4 Kd6 33. Kc3 Kc5 34. Kb3 a6 35. Kc3 axb5 36. axb5 c6 37. bxc6 Bxc6
38. Kd3 b5 39. cxb5 Bxb5+ 40. Ke4 Bf1 41. Kxf4 Bxg2 42. Kg5 Bxh3 43. f4 Bf5
44. Kf6 h4 45. Kxf7 h3 46. Kf6 h2 47. Kg5 h1=Q 48. Kf6 Qh4+ 49. Kg7 Qxf4
50. Kh8 Qc7 51. Kg8 g5 52. Kh8 Qe7 53. Kg8 Kd6 54. Kh8 Ke6 55. Kg8 Kf6 56.
Kh8 Qg7# { White checkmated } 0-1

[Event "ICC tourney 2517 (60 10)"]
[Site "Internet Chess Club"]
[Date "2021.04.18"]
[Round "6"]
[White "JOSEPH, JAHIA:ZhonglisMeteor"]
[Black "CAO, ZHIYU:BlueZillop"]
[Result "0-1"]
[ICCResult "White resigns"]
[WhiteElo "1385"]
[BlackElo "1312"]
[Opening "Queen's pawn, Mason variation"]
[ECO "D00"]
[NIC "QP.08"]
[Time "16:32:39"]
[PlyCount "86"]
[TimeControl "3600+10"]

1. d4 d5 2. Bf4 Nc6 3. Nf3 Nf6 4. e3 Bf5 5. Bd3 Bxd3 6. Qxd3 e6 7. Nbd2 Bd6
8. Bxd6 Qxd6 9. c3 O-O 10. Qc2 h6 11. e4 dxe4 12. Nxe4 Nxe4 13. Qxe4 Rfe8
14. O-O b6 15. Rfe1 Ne7 16. Rad1 Rad8 17. h3 Qd5 18. Ne5 Qxa2 19. Qf4 Rf8
20. Nd3 Rc8 21. Ra1 Qc4 22. Ne5 Qb5 23. Qd2 a5 24. c4 Qe8 25. Re4 Nc6 26.
Rg4 Nxe5 27. dxe5 Kh8 28. Ra3 Qd8 29. Qc1 f5 30. Rg6 Qd7 31. Rag3 Rf7 32.
Qf4 Rd8 33. Kh2 Qd4 34. Qc1 Qxe5 35. f4 Qe2 36. Qc3 Rdd7 37. Rxh6+ Kg8 38.
Qf6 Rxf6 39. Rxf6 Qxb2 40. Rxe6 Kf7 41. Re5 g6 42. Rge3 a4 43. Re2 Qd4 {
White resigns } 0-1

[Event "ICC tourney 2517 (60 10)"]
[Site "Internet Chess Club"]
[Date "2021.04.18"]
[Round "6"]
[White "ROBERTS, ASTON:AstonRoberts"]
[Black "LIAO, CAITLIN:che8642"]
[Result "0-1"]
[ICCResult "White checkmated"]
[WhiteElo "1696"]
[BlackElo "1530"]
[Opening "Sicilian: Alapin's variation (2.c3)"]
[ECO "B22"]
[NIC "SI.46"]
[Time "16:32:27"]
[PlyCount "78"]
[TimeControl "3600+10"]

1. e4 c5 2. c3 d5 3. exd5 Qxd5 4. d4 Nf6 5. Be3 cxd4 6. cxd4 Nc6 7. Nc3 Qa5
8. Nf3 Bf5 9. a3 Ne4 10. Qb3 Nxc3 11. bxc3 Qc7 12. Bc4 e6 13. O-O Bd6 14.
Rad1 O-O 15. h3 Na5 16. Qb5 Nxc4 17. d5 Nxa3 18. Qb2 Nc4 19. Qe2 Nxe3 20.
fxe3 exd5 21. Rxd5 Be6 22. Rd2 Bc4 23. Qd1 Bxf1 24. Rxd6 Bb5 25. Rd5 Rad8
26. Rxd8 Rxd8 27. Qb3 Qd7 28. Kh2 Qd6+ 29. g3 Bc6 30. Nd4 Qd5 31. Qc2 Qe4
32. Qd1 Qxe3 33. Qf1 Qxc3 34. Nf5 Qc2+ 35. Kg1 Rd1 36. Ne3 Rxf1+ 37. Nxf1
Qd1 38. Kh2 Qxf1 39. h4 Qg2# { White checkmated } 0-1